AoeStats
← gulu gulu

Oasis

508444020Analyzed
4v4 RM · 25d ago on Sep 22, 2026· 50m 13s· 8 players
Game mode
Random Map
Map size
Large (8 player)
Population
200
Speed
Normal
Resources
Standard
Victory
Conquest
Starting age
Dark Age
Ending age
Imperial Age
RankedLock teamsTeams togetherTeam positionsShared explorationLock speedFull tech treeHidden civsTurbo modeCheats
Victory
Defeat
🇨🇳 Koreans · China
1036
+15
🇨🇳 Goths · China
1035
+15
🇻🇳 Burgundians · Vietnam
973
+18
🇻🇳 Vietnamese · Vietnam
944
+19
vs
🇩🇪 Slavs · Germany
1036
-18
🇲🇽 Inca · Mexico
1016
-17
🇭🇰 Wu · Hong Kong SAR China
1004
-16
🇷🇴 Teutons · Romania
997
-16
TranceAddict95
10:46 Feudal Age
13:04 Loom
17:06 Castle Age
19:27 Gold Mining
26:36 Imperial Age
24:47 Pikeman
25:27 Squires
26:31 Squires
32:36 Scale Mail Armor
32:47 Forging
32:27 Fletching
32:30 Town Watch
32:57 Arson
34:31 Halberdier
36:22 Capped Ram
38:09 Wheelbarrow
38:47 Chain Mail Armor
38:22 Fletching
42:25 Plate Mail Armor
41:37 Elite Skirmisher
45:02 Hand Cart
46:15 Ballistics
46:20 Bodkin Arrow
46:25 Padded Archer Armor
47:48 Conscription
Rasslord
0:26 Loom
12:33 Feudal Age
19:09 Castle Age
19:35 Wheelbarrow
18:46 Town Watch
20:27 Horse Collar
20:33 Double-Bit Axe
20:40 Gold Mining
23:00 Bow Saw
22:51 Heavy Plow
24:10 Gold Shaft Mining
26:02 Fletching
26:44 Bodkin Arrow
27:01 Stone Mining
26:35 Elite Skirmisher
27:28 Scale Mail Armor
27:29 Padded Archer Armor
27:39 Forging
26:59 Crossbowman
28:35 Thumb Ring
29:26 Ballistics
32:58 Chain Mail Armor
33:19 Iron Casting
34:08 Hand Cart
33:54 Town Patrol
37:16 Imperial Age
38:42 Leather Archer Armor
38:58 Arbalester
40:04 Bracer
40:35 Ring Archer Armor
40:35 Plate Mail Armor
41:06 Blast Furnace
41:14 Chemistry
41:18 Crop Rotation
41:24 Stone Shaft Mining
40:57 Champi Runner
40:58 Pikeman
41:39 Squires
41:24 Arson
42:52 Onager
Krake
3:39 Loom
11:39 Feudal Age
19:05 Castle Age
18:36 Bloodlines
18:21 Gold Mining
18:13 Horse Collar
20:09 Forging
23:41 Wheelbarrow
26:46 Scale Barding Armor
30:26 Iron Casting
31:11 Hand Cart
32:26 Chain Barding Armor
34:17 Husbandry
35:09 Gold Shaft Mining
37:00 Caravan
40:11 Imperial Age
37:51 Fletching
39:09 Ballistics
48:58 Double-Bit Axe
diepat
10:42 Loom
13:26 Feudal Age
15:29 Double-Bit Axe
15:57 Town Watch
19:13 Castle Age
17:51 Gold Mining
17:54 Stone Mining
18:48 Forging
18:57 Horse Collar
21:00 Bow Saw
20:53 Heavy Plow
20:53 Fletching
24:21 Wheelbarrow
25:27 Pikeman
26:10 Bodkin Arrow
28:35 Iron Casting
33:45 Imperial Age
31:38 Ballistics
32:37 Treadmill Crane
33:10 Scale Mail Armor
34:27 Bracer
35:41 Two-Man Saw
34:25 Halberdier
35:47 Conscription
41:40 Red Cliffs Tactics
42:20 Man-at-Arms
44:30 Blast Furnace
45:49 Chain Mail Armor
45:36 Murder Holes
46:07 Squires
46:17 Long Swordsman
46:44 Arson
蒙古铁骑
11:13 Feudal Age
15:01 Castle Age
13:07 Double-Bit Axe
14:22 Horse Collar
17:08 Bow Saw
20:22 Wheelbarrow
22:14 Heavy Plow
25:43 Hand Cart
25:41 Loom
30:38 Imperial Age
28:36 Town Watch
29:09 Scale Mail Armor
29:20 Forging
29:21 Gold Mining
30:01 Masonry
30:02 Squires
29:25 Man-at-Arms
29:31 Pikeman
31:49 Conscription
31:33 Anarchy
30:57 Halberdier
30:58 Long Swordsman
32:22 Perfusion
31:50 Elite Huskarl
32:34 Two-Handed Swordsman
34:39 Chain Mail Armor
35:00 Iron Casting
34:07 Champion
37:38 Blast Furnace
36:29 Fletching
37:20 Stone Mining
38:36 Caravan
39:39 Stone Shaft Mining
39:35 Bodkin Arrow
39:46 Scale Barding Armor
39:43 Padded Archer Armor
justdoing
11:18 Feudal Age
9:34 Loom
14:26 Double-Bit Axe
17:57 Castle Age
19:26 Crossbowman
22:12 Fletching
25:16 Bodkin Arrow
29:51 Wheelbarrow
30:35 Thumb Ring
30:44 Horse Collar
31:27 Scale Mail Armor
32:04 Ballistics
34:15 Gold Mining
40:02 Imperial Age
37:51 Hand Cart
37:21 Town Watch
38:53 Gold Shaft Mining
38:55 Eupseong
38:40 Treadmill Crane
40:06 Bow Saw
40:01 Heavy Plow
40:16 Arbalester
41:00 Bracer
42:07 Chemistry
43:25 Town Patrol
43:41 Chain Mail Armor
43:40 Forging
43:52 Squires
44:23 Stone Mining
45:33 Conscription
45:25 Siege Engineers
45:31 Masonry
45:08 Arrowslits
47:17 Two-Man Saw
46:45 Murder Holes
47:24 Capped Ram
49:38 Architecture
gulu gulu
7:45 Loom
11:17 Feudal Age
17:50 Castle Age
22:54 Double-Bit Axe
22:53 Horse Collar
26:26 Wheelbarrow
28:29 Hand Cart
28:45 Fletching
29:35 Bodkin Arrow
33:31 Imperial Age
32:27 Padded Archer Armor
32:42 Bow Saw
32:35 Heavy Plow
32:28 Stone Mining
32:30 Gold Mining
33:16 Town Watch
34:11 Stone Shaft Mining
34:22 Leather Archer Armor
35:22 Two-Man Saw
34:54 Crop Rotation
34:56 Pikeman
35:37 Squires
35:22 Arson
35:09 Elite Rattan Archer
36:11 Paper Money
35:52 Chatras
36:18 Elite Battle Elephant
36:59 Husbandry
39:56 Bracer
40:36 Ring Archer Armor
40:17 Forging
40:13 Scale Barding Armor
40:10 Scale Mail Armor
40:43 Thumb Ring
39:59 Elite Skirmisher
41:39 Imperial Skirmisher
44:26 Iron Casting
44:11 Chain Barding Armor
45:22 Bloodlines
45:33 Chain Mail Armor
46:30 Chemistry
45:13 Treadmill Crane
46:03 Ballistics
46:03 Town Patrol
50:38 Plate Mail Armor
50:51 Plate Barding Armor
zckaz123
11:07 Feudal Age
15:22 Castle Age
13:54 Double-Bit Axe
14:37 Horse Collar
15:35 Bow Saw
15:28 Heavy Plow
16:37 Loom
18:27 Wheelbarrow
19:10 Cavalier
19:52 Husbandry
20:05 Scale Barding Armor
22:57 Gold Mining
25:35 Forging
31:02 Iron Casting
30:47 Chain Barding Armor
31:37 Hand Cart
38:41 Chain Barding Armor
50:25 Imperial Age
Connection lost

Rejoining the realm…

Still unreachable

The connection could not be restored.

Session expired

The server has moved on; the page needs a fresh start.